 Dungeon Crawl Stone Soup version 0.26-a0-683-g5206c1d7ac (webtiles) character file.

Game seed: 14756066509795564878

16738 jasper the Destroyer (level 12, -6/76 HPs)
             Began as a Kobold Conjurer on Oct 22, 2020.
             Was a Believer of Ashenzari.
             Mangled by a six-headed hydra (12 damage)
             ... on level 8 of the Dungeon.
             The game lasted 00:43:27 (19896 turns).

jasper the Destroyer (Kobold Conjurer)             Turns: 19896, Time: 00:43:27

Health: -6/76      AC:  8    Str:  5    XL:     12   Next: 73%
Magic:  5/21       EV: 21    Int: 23    God:    Ashenzari [**....]
Gold:   305        SH:  0    Dex: 14    Spells: 5/23 levels left

rFire    + . .     SeeInvis .   p - +2 war axe (elec)
rCold    . . .     Faith    .   (shield restricted)
rNeg     + . .     Spirit   .   S - +2 robe {rF+} (curse)
rPois    +         Reflect  .   (no helmet)
rElec    .         Harm     .   x - +1 cloak (curse)
rCorr    .         Rampage  .   D - +0 pair of gloves
MR       .....                  A - +0 pair of boots
Stlth    ++++++....             O - amulet of magic regeneration (curse)
HPRegen  0.22/turn              b - ring of poison resistance (curse)
MPRegen  0.42/turn              R - ring of positive energy

@: no status effects
A: small, nightstalker 3
a: Curse Item, Scrying, Renounce Religion


You were on level 8 of the Dungeon.
You worshipped Ashenzari.
Ashenzari was pleased with you.
You visited 4 branches of the dungeon, and saw 16 of its levels.

You collected 665 gold pieces.
You spent 360 gold pieces at shops.

Inventory:

Hand Weapons
 e - a +0 short sword
 p - a +2 war axe of electrocution (weapon)
 B - a +2 whip of flaming
 F - a +2 flail of protection
Missiles
 g - 300 stones
 l - 125 bolts
 o - 41 poisoned darts
 v - 27 boomerangs (quivered)
 Q - 4 throwing nets
Armour
 a - a +0 robe
 x - a cursed +1 cloak (worn)
 A - a +0 pair of boots (worn)
 D - a +0 pair of gloves (worn)
 I - a +0 leather armour of poison resistance
 S - a cursed +2 robe of fire resistance (worn)
Jewellery
 b - a cursed ring of poison resistance (left hand)
 O - a cursed amulet of magic regeneration (around neck)
 R - a ring of positive energy (right hand)
 T - an uncursed amulet of faith
Wands
 f - a wand of iceblast (12)
 n - a wand of random effects (21)
 w - a wand of polymorph (6)
 K - a wand of enslavement (17)
Scrolls
 i - 3 scrolls of amnesia
 j - 4 scrolls of enchant armour
 m - 3 scrolls of fog
 q - 2 scrolls of immolation
 r - a scroll of noise
 t - 11 scrolls of teleportation
 y - a scroll of random uselessness
 E - 2 scrolls of fear {unknown}
 H - 3 scrolls of blinking {unknown}
 J - a scroll of magic mapping {unknown}
 L - a scroll of vulnerability {unknown}
 M - a scroll of torment {unknown}
Potions
 d - 6 potions of flight
 h - a potion of haste
 k - a potion of might
 s - 4 potions of curing
 u - 3 potions of brilliance
 z - 2 potions of mutation {unknown}
 C - 4 potions of magic {unknown}
 G - 4 potions of stabbing {unknown}
 N - 2 potions of heal wounds {unknown}
 U - a potion of cancellation {unknown}
Miscellaneous
 c - a condenser vane (1/2)
 P - a box of beasts (2/3)


   Skills:
 + Level 9.0 Fighting
 - Level 0.6 Short Blades
 + Level 10.1 Dodging
 - Level 11.0 Stealth
 * Level 6.2 Spellcasting
 + Level 11.4(12.7) Conjurations
 + Level 5.8(7.3) Hexes
 - Level 2.0(3.1) Translocations
 - Level 4.7(6.1) Evocations


You had 5 spell levels left.
You knew the following spells:

 Your Spells              Type           Power        Failure   Level
a - Magic Dart            Conj           ####         1%          1
b - Searing Ray           Conj           ######       1%          2
c - Fulminant Prism       Conj/Hex       ######....   1%          4
d - Blink                 Tloc           N/A          3%          2
e - Mephitic Cloud        Conj/Pois/Air  ####....     4%          3
f - Iskenderun's Mystic   Conj/Tloc      #####...     3%          4
g - Slow                  Hex            #####...     1%          2

Your spell library contained the following spells:

 Spells                   Type           Power        Failure   Level
 Conjure Flame            Conj/Fire      #####...     1%          3
 Dazzling Flash           Conj/Hex       ######       1%          3
 Call Imp                 Summ           #.......     12%         2
 Poisonous Vapours        Pois/Air       #.....       12%         2
 Freezing Cloud           Conj/Ice/Air   ####......   91%         6


Dungeon Overview and Level Annotations

Branches:
Dungeon (13/15)            Temple (1/1) D:5            Lair (1/6) D:8
    Orc (1/2) D:9
 Vaults: D:13-14

Altars:
Ashenzari
Cheibriados
Dithmenos
Elyvilon
Fedhas
Gozag
Hepliaklqana
Kikubaaqudgha
Makhleb
Nemelex Xobeh
Okawaru
Qazlal
Ru
Sif Muna
Trog
Uskayaw
Vehumet
Wu Jian
Xom
Yredelemnul
Zin
The Shining One

Shops:
D:6 =   D:8 [

Annotations:
D:2 Natasha
D:4 4 runed translucent doors, Crazy Yiuf; Krezlik's ghost, weakling HuDe
D:12 exclusion: orange crystal statue
Orc:1 Josephine


Innate Abilities, Weirdness & Mutations

You are small and have problems with some larger weapons.
You are completely attuned to the shadows.


Message History

Your Fighting skill increases to level 9!
The mystic blast hits the six-headed hydra!
The six-headed hydra is severely wounded.
The six-headed hydra bites you.
The six-headed hydra bites you but does no damage.
The six-headed hydra bites you!
The six-headed hydra closely misses you.
The six-headed hydra bites you!
* * * LOW HITPOINT WARNING * * *
The six-headed hydra completely misses you.
Your fulminant prism explodes!
You take 25 damage, and have 19/76 hp.
MASSIVE DAMAGE!!
You now have 3/21 mp.
Unknown command.
You climb upwards.
Welcome back to the Dungeon!
There is a staircase to the Lair here.
The six-headed hydra closely misses you.
The six-headed hydra bites you!
* * * LOW HITPOINT WARNING * * *
The six-headed hydra bites you!
You die...

####....##.#####.##..
###.P...............#..
##....P.P...............
#....P....P.........###.
##.P........P.#.........)
#.P.......P.......)......
##.....####..P........##..
#......#>D#............#>.
#......#)@#...P...........
#.P....##'#..P.P..........
#.........................
#.#...........P..##.......
#.#.....P...[)...######...
#.##P..P.......(.# ##..
#.###........##).#######..
#..................#..#...
####......................


You could see a six-headed hydra (slow).

Vanquished Creatures
  Harold (Lair:1)
  2 hydras
  A catoblepas (Lair:1)
  A two-headed ogre (D:11)
  An unseen horror (D:12)
  Pikel (D:6)
  A manticore (D:12)
  An ugly thing (D:12)
  2 cyclopes
  2 slime creatures (D:12)
  2 cane toads (Lair:1)
  A rime drake (Lair:1)
  A komodo dragon (D:11)
  A hornet (D:8)
  2 wyverns
  A vampire (D:12)
  4 wraiths (D:9)
  6 yaks (D:12)
  A steam dragon (D:7)
  A warg (Orc:1)
  A water moccasin (D:8)
  11 orc warriors
  2 sky beasts
  7 ogres
  A phantom (D:8)
  4 black bears (D:8)
  8 centaurs
  3 lemures (D:6)
  A wyvern zombie (D:9)
  7 bullfrogs
  2 scorpions
  12 wights
  5 howler monkeys
  A centaur zombie (D:6)
  5 hounds
  14 orc wizards
  4 centaur skeletons
  2 jellies
  7 orc priests
  4 bullfrog skeletons
  2 iguanas
  17 worker ants
  A hound zombie (D:8)
  A hound skeleton (D:10)
  2 worker ant zombies
  13 gnolls
  17 adders
  A shadow imp (D:8)
  6 white imps
  2 ufetubi
  An ooze (D:1)
  2 adder skeletons
  2 adder zombies
  A worm (D:2)
  2 dart slugs
  2 leopard geckos
  43 orcs
  5 bats
  5 giant cockroaches
  2 goblins
  12 hobgoblins
  9 jackals
  5 quokkas
  2 ball pythons
  4 frilled lizards
  11 kobolds
  2 quokka skeletons
  9 rats
  4 fulminant prisms (D:11)
319 creatures vanquished.

Vanquished Creatures (collateral kills)
  A wraith (D:9)
1 creature vanquished.

Vanquished Creatures (others)
  An orc (D:9)
  42 fulminant prisms
  19 fungi
  37 plants
99 creatures vanquished.

Grand Total: 419 creatures vanquished

Notes
Turn   | Place    | Note
-------+----------+-------------------------------------------
     0 | D:1      | jasper the Kobold Conjurer began the quest for the Orb.
     0 | D:1      | Reached XP level 1. HP: 10/10 MP: 3/3
   174 | D:2      | Noticed Natasha
   256 | D:1      | Reached XP level 2. HP: 10/15 MP: 0/5
   817 | D:1      | Reached XP level 3. HP: 19/19 MP: 4/6
   821 | D:1      | Learned a level 2 spell: Searing Ray
  1221 | D:2      | Found a basalt altar of Yredelemnul.
  1511 | D:2      | Found a glowing golden altar of the Shining One.
  1571 | D:2      | Reached skill level 5 in Conjurations
  1595 | D:2      | Reached XP level 4. HP: 24/24 MP: 2/7
  1654 | D:2      | Learned a level 4 spell: Fulminant Prism
  1775 | D:3      | Found an ancient bone altar of Kikubaaqudgha.
  2124 | D:3      | Found a glowing drain.
  2683 | D:3      | Reached XP level 5. HP: 28/28 MP: 6/9
  3339 | D:3      | Learned a level 2 spell: Blink
  3425 | D:4      | Found a runed translucent door.
  3428 | D:4      | Noticed Crazy Yiuf
  4158 | D:4      | Reached XP level 6. HP: 30/32 MP: 2/10
  4229 | D:4      | Reached skill level 1 in Hexes
  4229 | D:4      | Reached skill level 1 in Translocations
  4708 | D:4      | Found a bloodstained altar of Trog.
  4708 | D:4      | Found a broken altar of Ashenzari.
  4708 | D:4      | Found a stormy altar of Qazlal.
  4712 | D:4      | Found a shimmering altar of Xom.
  4712 | D:4      | Found a sparkling altar of Nemelex Xobeh.
  4712 | D:4      | Found a stormy altar of Qazlal.
  4846 | D:4      | Found a runed translucent gate.
  4846 | D:4      | Found a runed translucent gate.
  4963 | D:4      | Found a runed translucent gate.
  4977 | D:4      | Noticed Krezlik's ghost (weakling HuDe)
  5032 | D:5      | Entered Level 5 of the Dungeon
  5105 | D:5      | Found a bloodstained altar of Trog.
  5287 | D:5      | Noticed an ogre
  5305 | D:5      | Killed an ogre
  5305 | D:5      | Reached XP level 7. HP: 36/36 MP: 7/12
  5635 | D:2      | Found a bloodstained altar of Trog.
  7197 | D:5      | Reached XP level 8. HP: 38/41 MP: 6/14
  7316 | D:5      | Found a staircase to the Ecumenical Temple.
  7322 | Temple   | Entered the Ecumenical Temple
  7427 | Temple   | Became a worshipper of Ashenzari the Shackled
  7467 | D:5      | Found a sacrificial altar of Ru.
  8224 | D:5      | Learned a level 3 spell: Mephitic Cloud
  8230 | D:6      | Reached skill level 5 in Spellcasting
  8378 | D:6      | Noticed Pikel
  8545 | D:6      | Found Qada's Jewellery Emporium.
  8634 | D:6      | Killed Pikel
  8634 | D:6      | Reached skill level 10 in Conjurations
  8634 | D:6      | Reached XP level 9. HP: 42/45 MP: 7/16
  8914 | D:6      | Reached skill level 1 in Fighting
  9485 | D:6      | Learned a level 4 spell: Iskenderun's Mystic Blast
  9541 | D:6      | Reached skill level 5 in Stealth
 10000 | D:7      | Found an opulent altar of Gozag.
 10410 | D:7      | Reached skill level 5 in Dodging
 10786 | D:8      | Reached XP level 10. HP: 56/56 MP: 14/17
 10800 | D:8      | Found Vixker's Armour Shoppe.
 11254 | D:8      | Reached skill level 5 in Fighting
 11434 | D:8      | Found a stormy altar of Qazlal.
 11498 | D:8      | Found a staircase to the Lair.
 11536 | D:8      | Reached * piety under Ashenzari
 11910 | D:6      | Bought an uncursed amulet of magic regeneration for 360
                  | gold pieces
 12355 | D:9      | Noticed a cyclops
 12970 | D:10     | Entered Level 10 of the Dungeon
 14064 | D:11     | Reached ** piety under Ashenzari
 14107 | D:11     | Noticed a komodo dragon
 14294 | D:11     | Noticed a four-headed hydra
 14375 | D:11     | Reached skill level 1 in Evocations
 14375 | D:11     | Reached XP level 11. HP: 57/64 MP: 6/18
 14575 | D:9      | Found a sparkling altar of Nemelex Xobeh.
 14712 | D:9      | Learned a level 2 spell: Slow
 14923 | D:9      | Found a staircase to the Orcish Mines.
 15325 | Lair:1   | Entered Level 1 of the Lair of Beasts
 15331 | Lair:1   | Noticed a catoblepas
 15404 | Orc:1    | Entered Level 1 of the Orcish Mines
 15404 | Orc:1    | Noticed Josephine
 15434 | D:9      | Killed a cyclops
 15696 | D:11     | Noticed a two-headed ogre
 15877 | D:11     | Killed a four-headed hydra
 16388 | D:11     | Killed a two-headed ogre
 16455 | D:11     | Reached skill level 10 in Stealth
 16506 | D:11     | Found a burning altar of Makhleb.
 16865 | D:12     | Noticed a green ugly thing
 17215 | D:12     | Killed a green ugly thing
 17289 | D:12     | Noticed a cyclops
 17315 | D:12     | Killed a cyclops
 17315 | D:12     | Reached XP level 12. HP: 56/73 MP: 11/19
 17614 | D:12     | Killed an unseen horror
 18327 | D:13     | Noticed a six-headed hydra
 18335 | D:13     | Killed a six-headed hydra
 18335 | D:13     | Reached skill level 5 in Hexes
 18558 | D:13     | Noticed a centaur warrior
 19434 | Orc:1    | Noticed an orc warlord
 19574 | Lair:1   | Killed a catoblepas
 19628 | Lair:1   | Reached skill level 10 in Dodging
 19789 | Lair:1   | Noticed Harold
 19884 | Lair:1   | Noticed a six-headed hydra
 19893 | Lair:1   | Killed Harold
 19896 | D:8      | Mangled by a six-headed hydra

Illustrated notes

Levels and vault maps discovered:
D:1:      nzn_arrival_water_spiral, layout_rooms, serial_forest,
          infiniplex_forest_clump_long, infiniplex_forest_clump_diagonal,
          infiniplex_forest_clump_medium, infiniplex_forest_straight_5,
          infiniplex_forest_side_room, infiniplex_forest_clump_small,
          infiniplex_forest_straight_4, infiniplex_forest_diagonal,
          infiniplex_forest_corner_1
D:2:      layout_basic, nicolae_tso_carved_into_rock, lightli_temple_of_fire,
          lemuel_crystal_altar, uniq_natasha
D:3:      layout_basic, lemuel_crystal_altar, gup_sewer_entry_glass,
          kennysheep_generic_room_5
D:4:      layout_basic, doesnt_xom_only_xom, biasface_ghost_orc_armoury,
          uniq_crazy_yiuf_cottage
D:5:      layout_basic, nicolae_ru_great_annihilating_truth,
          minmay_temple_entry_grid, bloody_trog
D:6:      layout_rooms, serial_shops, kennysheep_little_box, serial_glass,
          glass_columns_a, glass_columns_b, uniq_pikel
D:7:      layout_basic, grunt_gozag_breadcrumbs
D:8:      layout_cave_pools, grunt_lair_entry_orc_guard_hut, serial_shops, shop,
          basic_altar
D:9:      layout_small_grid, nemelex_xobeh_ov_fountains_minmay,
          david_orc_1_choice
D:10:     layout_gridville
D:11:     minmay_the_grid_octo_tiled_octocenter [minmay_the_grid_octo_teeth,
          minmay_the_grid_octo_toaster, minmay_the_grid_octo_clover,
          minmay_the_grid_octo_empty,
          minmay_the_grid_octo_prize_square_snowflake,
          minmay_the_grid_square_5x5_mess,
          minmay_the_grid_square_5x5_beaten_path,
          minmay_the_grid_square_5x5_inset, minmay_the_grid_square_5x5_percent],
          layout_long_grid, bloody_makhleb
D:12:     layout_roguey, gauntlet_entry_generic, serial_shops, statue_bzr
D:13:     layout_gridville, minmay_misc_feat_iff, fedhas_bush_and_centaur_altar
Temple:   zaba_magenta_temple
Lair:1:   layout_regular_city, grunt_megastairs_2, uniq_harold
Orc:1:    layout_caves, uniq_josephine

Skill      XL: |  1  2  3  4  5  6  7  8  9 10 11 12 |
---------------+-------------------------------------+-----
Conjurations   | 5 6 7 10 11 | 11.4
Spellcasting   | 3 4 5 6 |  6.2
Hexes          | 1 2 4 5 |  5.8
Translocations | 1 2 |  2.0
Stealth        | 6 8 10 11 | 11.0
Fighting       | 4 6 7 9 |  9.0
Dodging        | 5 7 9 10 | 10.1
Evocations     | 1 4 |  4.7
Short Blades   | |  0.6

Action                   |  1- 3 |  4- 6 |  7- 9 | 10-12 || total
-------------------------+-------+-------+-------+-------++-------
Melee: Unarmed           |     3 |       |       |       ||     3
       Short sword       |    11 |     1 |       |       ||    12
       War axe           |       |     9 |    56 |    69 ||   134
Throw: Stone             |     2 |     5 |       |       ||     7
       Boomerang         |       |     4 |     5 |    29 ||    38
 Cast: Magic Dart        |    39 |     1 |     8 |     2 ||    50
       Searing Ray       |     8 |    33 |    75 |   115 ||   231
       Fulminant Prism   |       |       |       |    46 ||    46
       Iskenderun's Myst |       |       |       |     8 ||     8
       Mephitic Cloud    |       |       |       |    16 ||    16
       Slow              |       |       |       |    10 ||    10
Invok: Curse Item        |       |       |     1 |     3 ||     4
Evoke: Wand              |       |       |     1 |       ||     1
       Box of beasts     |       |       |       |     1 ||     1
       Condenser vane    |       |       |       |     1 ||     1
  Use: Scroll            |       |       |     7 |     9 ||    16
       Potion            |       |       |       |     1 ||     1
 Stab: Sleeping          |     2 |     1 |     3 |     2 ||     8
       Distracted        |     1 |       |       |       ||     1
Armor: Robe              |     1 |     3 |    22 |    55 ||    81
Dodge: Dodged            |    43 |    23 |    88 |   301 ||   455

Table legend: (Time is in decaauts)
 A = Elapsed time spent in this place.
 B = Non-inter-level travel time spent in this place.
 C = Inter-level travel time spent in this place.
 D = Time resting spent in this place.
 E = Time spent auto-exploring this place.
 F = Levels seen in this place.
 G = Mean time per level.
                   A        B        C        D        E       F      G
               +--------+--------+--------+--------+--------+-----+--------+
         Total |  20037 |  18749 |   1288 |   5940 |   9794 |  16 | 1252.3 |
       Dungeon |  19616 |  18362 |   1254 |   5790 |   9671 |  13 | 1508.9 |
        Temple |    121 |     88 |     33 |      0 |     85 |   1 |  121.0 |
          Lair |    273 |    273 |      0 |    150 |     38 |   1 |  273.0 |
  Orcish Mines |     26 |     26 |      0 |      0 |      0 |   1 |   26.0 |
               +--------+--------+--------+--------+--------+-----+--------+

Top non-repeatable levels by time:
     D:9: 2375 daAuts
    D:12: 2021 daAuts
     D:3: 1945 daAuts
     D:8: 1764 daAuts
     D:2: 1751 daAuts
     D:5: 1710 daAuts
     D:4: 1617 daAuts
     D:6: 1468 daAuts
    D:10: 1246 daAuts
     D:7: 1238 daAuts
    D:11: 1166 daAuts
     D:1: 1110 daAuts
  Lair:1: 273 daAuts
    D:13: 199 daAuts
  Temple: 121 daAuts
